 Dungeon Crawl Stone Soup version 0.28-a0-1567-g1695149f81 (webtiles) character file.

Game seed: 6615053928099666941

67 Clumpoid the Poker (level 4, -5/35 HPs)
             Began as a Demonspawn Fighter on Jan 20, 2022.
             Slain by Sigmund (8 damage)
             ... on level 3 of the Dungeon.
             The game lasted 00:01:29 (1914 turns).

Clumpoid the Poker (Demonspawn Fighter)             Turns: 1914, Time: 00:01:29

Health: -5/35      AC:  6    Str: 15 (18) XL:     4   Next: 0%
Magic:  4/4        EV:  8    Int:  6 (9)  God:
Gold:   67         SH:  4    Dex: 10 (13) Spells: 3/3 levels left

rFire   . . .      SeeInvis .   a - +0 trident
rCold   . . .      Faith    .   c - +0 buckler
rNeg    . . .      Spirit   .   b - +0 scale mail
rPois   .          Reflect  .   (no helmet)
rElec   .          Harm     .   (no cloak)
rCorr   .          Rampage  .   (no gloves)
Will    .....                   (no boots)
Stlth   ..........              (no amulet)
HPRegen 0.11/turn               (no ring)
MPRegen 0.09/turn               (no ring)

@: mighty, attractive
A: powered by pain 1, demonic touch 1
a: no special abilities


You were on level 3 of the Dungeon.
You visited 1 branch of the dungeon, and saw 3 of its levels.

You collected 67 gold pieces.

Inventory:

Hand Weapons
 a - a +0 trident (weapon)
Missiles
 i - 55 stones (quivered)
Armour
 b - a +0 scale mail (worn)
 c - a +0 buckler (worn)
Wands
 k - a wand of digging (6)
Scrolls
 e - a scroll of brand weapon {unknown}
 g - a scroll of fog {unknown}
 h - 4 scrolls of identify {unknown}
 l - a scroll of teleportation {unknown}


   Skills:
 - Level 3.0 Fighting
 + Level 3.9 Polearms
 - Level 2.6 Armour
 - Level 2.6 Shields


You had 3 spell levels left.
You didn't know any spells.
Your spell library contained the following spells:

 Spells                   Type           Power      Damage    Failure   Level
 Stone Arrow              Conj/Erth      0%         3d7       100%        3
 Animate Armour           Summ/Erth      0%         N/A       100%        4
 Lehudib's Crystal Spear  Conj/Erth      0%         10d2      100%        8


Dungeon Overview and Level Annotations

Branches:
Dungeon (3/15)

Altars:

Shops:
D:2 (

Annotations:
D:3 3 runed translucent doors, Sigmund; hashsling's ghost, amateur MfVM


Innate Abilities, Weirdness & Mutations

You sometimes gain a little power by taking damage.
Your touch may inflict minor irresistible damage on your foes.


Message History

You kill the quokka!
You have reached level 4!
You feel agile.
Key pressed, stopping explore.
No target in view!
No target in view!
Found a stone staircase leading up.
Sigmund the Dreaded comes into view.
He is wielding a +0 scythe.
Sigmund closely misses you.
You hit Sigmund.
Sigmund is lightly wounded.
Sigmund laughs darkly.
Sigmund casts a spell at you. The puff of flame hits you.
Sigmund mumbles some strange words.
Sigmund flickers and vanishes!
Deactivating autopickup; reactivate with Ctrl-A.
You puncture something! You block something's attack.
No target in view!
You feel very mighty all of a sudden.
You barely miss something. Something hits you.
You hit something.
You hear some strange, mumbled words.
Something tries to affect you, but you resist.
You closely miss something. Something hits you!
You miss something. Something hits you but does no damage.
You closely miss something. You closely miss something. Something hits you.
You completely miss something. Something hits you.
You barely miss something. Something hits you!
* * * LOW HITPOINT WARNING * * *
You miss something.
It was a potion of degeneration.
There was something very wrong with that liquid.
You feel weakened.
You feel dopey.
You feel clumsy. You block something's attack.
It was a potion of attraction.
You feel attractive to monsters. Something hits you!
You die...

#### .#.. ..
# .#.# ..
.<#.## .#
.#.#
.###.#...###.
.#.###.... .
.....
.......#
#.#.#{#
#.##.....#
#.#.#@#
...#.#####
#.....#
##.#.#
#.#...# #...#
#..)..# ##..#
#.##..# #..#
... #..#
##.#######
##..###.#
####.......#
#.......#
.........#.#
##..#.###


There were no monsters in sight!

Vanquished Creatures
  An adder (D:2)
  2 worms (D:2)
  3 orcs (D:3)
  4 bats
  6 endoplasms
  A giant cockroach (D:1)
  3 hobgoblins
  3 jackals (D:2)
  A quokka (D:3)
  2 ball pythons
  6 frilled lizards
  5 goblins
  4 kobolds
  8 rats
49 creatures vanquished.

Notes
Turn   | Place    | Note
-------+----------+-------------------------------------------
     0 | D:1      | Clumpoid the Demonspawn Fighter began the quest for the
                  | Orb.
     0 | D:1      | Reached XP level 1. HP: 18/18 MP: 1/1
   230 | D:1      | Gained mutation: Your touch may inflict minor irresistible
                  | damage on your foes. [demonic ancestry]
   230 | D:1      | Reached XP level 2. HP: 24/24 MP: 2/2
   316 | D:1      | Found a faded altar of an unknown god.
   730 | D:2      | Gained mutation: You sometimes gain a little power by
                  | taking damage. [demonic ancestry]
   730 | D:2      | Reached XP level 3. HP: 24/29 MP: 3/3
  1023 | D:2      | Found Ipiss's Antique Weapon Boutique.
  1786 | D:3      | Found a runed translucent gate.
  1786 | D:3      | Found a runed translucent gate.
  1786 | D:3      | Found a runed translucent gate.
  1792 | D:3      | Noticed hashsling's ghost (amateur MfVM)
  1895 | D:3      | Reached XP level 4. HP: 35/35 MP: 4/4
  1898 | D:3      | Noticed Sigmund
  1914 | D:3      | Slain by Sigmund

Illustrated notes

Levels and vault maps discovered:
D:1:      sevenhm_arrival_forest_fort_large_4, layout_rooms,
          hellmonk_ecumenical_altar_slurped_away
D:2:      layout_rooms, serial_shops, nicolae_shop_waterfront,
          minmay_lizard_pond
D:3:      layout_basic, gammafunk_ghost_necromancy, minmay_misc_feat_cross,
          chequers_serial_rivers_room_b, minmay_misc_feat_square, uniq_sigmund

Skill      XL: |  1  2 |
---------------+-------+-----
Polearms       | 2 3 |  3.9
Fighting       | |  3.0
Armour         | |  2.6
Shields        | |  2.6

Action                   |  1- 3 |  4- 6 || total
-------------------------+-------+-------++-------
Melee: Trident           |   142 |    11 ||   153
  Use: Scroll            |     2 |       ||     2
       Potion            |     1 |     3 ||     4
Armor: Scale mail        |    45 |     1 ||    46
Dodge: Dodged            |    54 |     1 ||    55
Block: Buckler           |    24 |     2 ||    26

Table legend: (Time is in decaauts)
 A = Elapsed time spent in this place.
 B = Non-inter-level travel time spent in this place.
 C = Inter-level travel time spent in this place.
 D = Time resting spent in this place.
 E = Time spent auto-exploring this place.
 F = Levels seen in this place.
 G = Mean time per level.
                   A        B        C        D        E       F      G
               +--------+--------+--------+--------+--------+-----+--------+
         Total |   1945 |   1872 |     73 |    203 |   1337 |   3 |  648.3 |
       Dungeon |   1945 |   1872 |     73 |    203 |   1337 |   3 |  648.3 |
               +--------+--------+--------+--------+--------+-----+--------+

Top non-repeatable levels by time:
     D:2: 837 daAuts
     D:1: 700 daAuts
     D:3: 407 daAuts
